Cogmind - Beta 16.1 @@@ ROGUE MODE // 2026.02.21 @ 15:56:47 Player: the Result: Destroyed by Light Fission Core chain reaction Performance ------------- Evolutions (1) 500 Regions Visited (5) 1000 Robots Destroyed (26) 130 Value Destroyed (427) 427 Prototype IDs (23) 460 Alien Tech Used (0) 0 Bonus (333) 333 TOTAL SCORE: 2850 Bonus ------- Follower Combat Kills 33 Aligned with FarCom 300 Cogmind --------- Core Integrity 0/400 Matter 270/300 Energy 100/100 System Corruption 0% Temperature Cool (12) Movement Core (100) Ox1 Location -9/Exiles Parts ------- > --- POWER (1) -------- (None) > --- PROPULSION (3) --- (None) > --- UTILITY (3) ------ Small Storage Unit > --- WEAPON (2) ------- (None) > --- INVENTORY (8) ---- Large Storage Unit Structural Scanner Seismic Detector Peak State ------------ > --- POWER ------------ Improved Ion Engine > --- PROPULSION ------- Aluminum Leg Aluminum Leg Aluminum Leg > --- UTILITY ---------- Improved Heat Sink Disposable Heat Sink Small Storage Unit > --- WEAPON ----------- Firepult > --- INVENTORY -------- Nuclear Core Nuclear Core Light Fission Core Aluminum Leg Large Storage Unit Structural Scanner Seismic Detector Mining Claw [Rating: 32] Favorites ----------- Power Improved Ion Engine Engine Improved Ion Engine Propulsion Light Treads Treads Light Treads Leg Aluminum Leg Utility Small Storage Unit Device Seismic Detector Storage Small Storage Unit Weapon Mining Claw Energy Cannon Firepult Slashing Weapon Mining Claw Special Melee Weapon Datajack Build | -11 -10 -10 -9 -9 -9 ------- Run | Yrd Mat Min Mat Min Exi Slots Evolved 2 | . . . 2 . . Power . | . . . . . . Propulsion 1 | . . . 1 . . Utility 1 | . . . 1 . . Weapon . | . . . . . . Parts Attached 19 | 4 5 . 4 2 4 Power 4 | 1 1 . 2 . . Engine 4 | 1 1 . 2 . . Core . | . . . . . . Reactor . | . . . . . . Propulsion 6 | 2 2 . 1 . 1 Treads 2 | 2 . . . . . Leg 4 | . 2 . 1 . 1 Wheel . | . . . . . . Hover . | . . . . . . Flight . | . . . . . . Utility 6 | 1 1 . 1 2 1 Device 5 | . 1 . 1 2 1 Storage 1 | 1 . . . . . Processor . | . . . . . . Hackware . | . . . . . . Protection . | . . . . . . Artifact . | . . . . . . Weapon 3 | . 1 . . . 2 Energy Gun . | . . . . . . Energy Cannon 1 | . . . . . 1 Ballistic Gun . | . . . . . . Ballistic Cannon . | . . . . . . Launcher . | . . . . . . Special Weapon . | . . . . . . Impact Weapon . | . . . . . . Slashing Weapon 1 | . 1 . . . . Piercing Weapon . | . . . . . . Special Melee Weapon 1 | . . . . . 1 Unidentified Prototypes . | . . . . . . Parts Lost 12 | . 2 . . 2 8 Power 3 | . 2 . . . 1 Propulsion 4 | . . . . . 4 Utility 4 | . . . . 2 2 Weapon 1 | . . . . . 1 Highest Loss Streak 7 | . 1 . . 2 7 To Critical Strikes 3 | . . . . . 3 Average Backups 4 | 2 3 6 4 5 7 Power 1 | . 1 1 . 1 2 Propulsion 1 | 1 2 3 1 1 . Utility . | . . 1 1 2 3 Weapon . | . . . . . . Tool/Special . | . . . . . . Unused Backups 9 | . 2 . . 1 6 Power 3 | . . . . . 3 Propulsion 2 | . 1 . . 1 . Utility 2 | . . . . . 2 Weapon 1 | . 1 . . . . Tool/Special 1 | . . . . . 1 Average Slot Usage (%) 68 | . 60 71 86 80 79 Engine 5 | . 2 . 10 11 9 Treads 15 | . 26 . . . . Leg 13 | . . 28 32 33 27 Device 9 | . 2 14 21 14 20 Storage 12 | . 14 14 11 11 11 Slashing Weapon 11 | . 12 14 11 11 7 Peak Build Rating 32 | 4 6 5 11 11 32 Average Rating 7 | 3 4 5 10 10 17 On Entrance 6 | . 4 5 5 11 11 Avg Prop Armor Cover (%) . | . . . . . . Naked Turns . | . . . . . . Heaviest Build 36 | 10 12 8 16 16 36 Greatest Support 40 | 40 40 20 30 30 30 Greatest Overweight (x) 3 | . . . . . 3 Average Overweight (x) . | . . . . . . Largest Inventory Capacity 8 | 8 8 8 8 8 8 Average Capacity 7 | 7 8 8 8 8 8 Most Carried 8 | 3 8 6 5 6 8 Average Carried 4 | 2 3 6 3 5 7 Final Capacity 8 | 8 8 8 8 8 8 Final Carried 6 | 3 6 6 5 6 3 Class Distribution -------------------- 100% | Mutant Dominant Class ---------------- Mutant | -10/Materials Mutant | -10/Mines Mutant | -9/Materials Mutant | -9/Mines Mutant | -9/Exiles Resources | -11 -10 -10 -9 -9 -9 ----------- Run | Yrd Mat Min Mat Min Exi Matter Collected 364 | 229 65 . 50 20 . Remotely . | . . . . . . Salvage Created 862 | 1 441 155 . 156 109 Parts 47 | 2 28 7 . 10 . Haulers Intercepted . | . . . . . . Recyclers Shooed . | . . . . . . Parts Field Recycled . | . . . . . . Retrieved Matter . | . . . . . . Parts Self-Destructed . | . . . . . . Prevented . | . . . . . . Parts Restored . | . . . . . . Kills | -11 -10 -10 -9 -9 -9 ------- Run | Yrd Mat Min Mat Min Exi Combat Hostiles Destroyed 20 | . 11 . . 2 7 Melee 13 | . 11 . . 2 . Cannons 1 | . . . . . 1 AOE 6 | . . . . . 6 Classes Destroyed 9 | 1 6 . . 1 1 Worker 2 | . 2 . . . . Builder 1 | . . . . 1 . Tunneler 6 | 1 1 3 . 1 . Recycler 2 | . 1 1 . . . Operator 1 | . 1 . . . . Watcher 1 | . 1 . . . . Swarmer 6 | . 6 . . . . Grunt 7 | . 5 . . 2 . Assembled 7 | . . . . . 7 Best Kill Streak 7 | 1 3 4 . 1 7 Combat Bots Only 7 | . 3 . . 1 7 Max Kills in Single Turn 2 | 1 1 1 . 1 2 Gunslinging . | . . . . . . Exploded 2 | . . . . . 2 Melee 1 | . 1 . . 1 . Uniques/NPCs Destroyed . | . . . . . . Combat | -11 -10 -10 -9 -9 -9 -------- Run | Yrd Mat Min Mat Min Exi Hostile Shots Fired 193 | . 114 . 4 21 54 Missed 41 | . 25 . 2 5 9 Hits 152 | . 89 . 2 16 45 Projectile 152 | . 89 . 2 16 45 Critical Strikes 25 | . . . 1 . 24 Damage Taken 2020 | . 808 . 45 236 931 Core 629 | . 184 . 14 32 399 Absorbed by Shields . | . . . . . . Regen/Repaired (Parts) 215 | . 215 . . . . Core Remaining (%) 63 | 100 . 26 . . . Volleys Fired 16 | . . . . . 16 Largest 1 | . . . . . 1 Hottest 250 | . . . . . 250 Shots Fired 16 | . . . . . 16 Gun . | . . . . . . Cannon 16 | . . . . . 16 Launcher . | . . . . . . Special . | . . . . . . Kinetic . | . . . . . . Thermal 16 | . . . . . 16 Explosive . | . . . . . . Electromagnetic . | . . . . . . Robot Hit Streak 4 | . . . . . 4 Robot Miss Streak 4 | . . . . . 4 Penetration Max . | . . . . . . Secondary Targets . | . . . . . . Shots Hit Robots 59 | . 27 5 . 14 13 Core Hits 48 | . 18 3 . 5 22 Critical Kills . | . . . . . . Critical Parts Destroyed . | . . . . . . Critical Strikes . | . . . . . . Melee Attacks 79 | . 46 5 1 18 9 Impact . | . . . . . . Slashing 79 | . 46 5 1 18 9 Piercing . | . . . . . . Sneak Attacks 16 | . 7 5 . 4 . Combat Hostiles . | . . . . . . Follow-up Attacks . | . . . . . . Damage Inflicted 2007 | 9 824 235 . 376 563 Guns . | . . . . . . Cannons 65 | . . . . . 65 Explosions 316 | . . . . . 316 Melee 1582 | . 789 235 . 376 182 Ramming 44 | 9 35 . . . . Kinetic . | . . . . . . Thermal 381 | . . . . . 381 Explosive . | . . . . . . Electromagnetic . | . . . . . . Impact . | . . . . . . Slashing 1582 | . 789 235 . 376 182 Piercing . | . . . . . . Highest Corruption . | . . . . . . Average Corruption . | . . . . . . Corruption Purged . | . . . . . . Corruption Blocked . | . . . . . . Overload Shots . | . . . . . . Overflow Damage 109 | . 37 40 . 14 18 Projectiles . | . . . . . . Explosions 18 | . . . . . 18 Melee 91 | . 37 40 . 14 . Knockbacks . | . . . . . . Impact . | . . . . . . Kinetic . | . . . . . . Secondary . | . . . . . . Self-Inflicted Damage 74 | . . . . . 74 Shots 6 | . . . . . 6 Rammed 25 | 3 22 . . . . Targets Rammed 27 | 4 23 . . . . Kicked . | . . . . . . Crushed 2 | 1 1 . . . . Highest Temperature 484 | . . . 8 . 484 Average Temperature 166 | . . . 8 . 168 Received Heat Transfer 288 | . 126 . 27 135 . Effects 2 | . . . . . 2 Shutdowns 1 | . . . . . 1 Energy Bleed 1 | . . . . . 1 Siege Activations . | . . . . . . Martial Activations . | . . . . . . Shielding Activations . | . . . . . . Robots Disrupted . | . . . . . . Combat Hostiles . | . . . . . . Robots Corrupted . | . . . . . . Combat Hostiles . | . . . . . . Parts Fried . | . . . . . . Impact Corruptions . | . . . . . . Robots Melted . | . . . . . . Combat Hostiles . | . . . . . . Parts Melted . | . . . . . . Heat Transferred 2460 | . . . . . 2460 Parts Sabotaged . | . . . . . . Parts Stolen . | . . . . . . Parts Stripped . | . . . . . . Power Chain Reactions . | . . . . . . Alert | -11 -10 -10 -9 -9 -9 ------- Run | Yrd Mat Min Mat Min Exi Maximum Alert Level . | . . . . . . Low Security (%) 100 | 100 100 100 100 100 . Level 1 . | . . . . . . Level 2 . | . . . . . . Level 3 . | . . . . . . Level 4 . | . . . . . . Level 5 . | . . . . . . High Security . | . . . . . . Max Security . | . . . . . . Peak Influence 175 | 5 175 66 47 30 . Initial 66 | . . 66 . 8 . Average 19 | . 24 27 12 3 . Influence Increases 572 | 5 418 20 69 60 . Destroy 0b10 Robot/C 280 | . 220 . 20 40 . Destroy 0b10 Robot/NC 70 | 5 30 20 5 10 . Destroy Leader 64 | . 42 . 12 10 . Allied During Kill 2 | . . . 2 . . Successful Hack 18 | . 18 . . . . Disable Machine 15 | . . . 15 . . Destroy Structure 3 | . 3 . . . . Lose Combat Pursuer 120 | . 105 . 15 . . Influence Decreases 572 | 5 247 191 47 82 . Entered New Map 119 | . . 105 . 14 . Time Decay 415 | 5 227 86 47 50 . Lost Part 38 | . 20 . . 18 . Squads Dispatched 3 | . 3 . . . . Investigation 1 | . 1 . . . . Extermination . | . . . . . . Reinforcement 2 | . 2 . . . . Assault . | . . . . . . Garrison . | . . . . . . Intercept . | . . . . . . Searches Triggered . | . . . . . . Construction Impeded . | . . . . . . Haulers Reinforced . | . . . . . . Active Scanning Responses . | . . . . . . Cargo Convoy Interrupts . | . . . . . . Stealth | -11 -10 -10 -9 -9 -9 --------- Run | Yrd Mat Min Mat Min Exi Distress Signals 3 | . 3 . . . . Communications Jammed . | . . . . . . Distress Signals . | . . . . . . Times Spotted 34 | . 25 . 5 2 2 Peak Tracking Total 9 | . 4 . 7 2 9 Tactical Retreats 7 | . 6 . 1 . . Traps | -11 -10 -10 -9 -9 -9 ------- Run | Yrd Mat Min Mat Min Exi Traps Triggered 2 | . 1 . 1 . . Indirectly . | . . . . . . Trap Hack Attempts . | . . . . . . Triggered . | . . . . . . Disarmed . | . . . . . . Reprogrammed . | . . . . . . Reused . | . . . . . . Traps Extracted . | . . . . . . Installed . | . . . . . . Triggered . | . . . . . . Machines | -11 -10 -10 -9 -9 -9 ---------- Run | Yrd Mat Min Mat Min Exi Machines Disabled 5 | . . . 1 . 4 Max in Single Turn 1 | . . . . . 1 Machines Repaired . | . . . . . . Machines Dismantled . | . . . . . . Machines Sabotaged . | . . . . . . Overloaded Fab Kills . | . . . . . . Hacking | -11 -10 -10 -9 -9 -9 --------- Run | Yrd Mat Min Mat Min Exi Machines Accessed 12 | . 7 . 4 . 1 Terminals 8 | . 6 . 2 . . Fabricators . | . . . . . . Repair Stations 1 | . 1 . . . . Recycling Units 1 | . . . 1 . . Scanalyzers 1 | . . . 1 . . Garrison Access . | . . . . . . Total Hacks 32 | . 23 . 8 . 1 Successful 16 | . 11 . 4 . 1 Failed 16 | . 12 . 4 . . Catastrophic 4 | . 3 . 1 . . Database Lockouts . | . . . . . . Manual 16 | . 15 . . . 1 Terminals 20 | . 17 . 3 . . Fabricators . | . . . . . . Repair Stations 6 | . 6 . . . . Recycling Units 3 | . . . 3 . . Scanalyzers 2 | . . . 2 . . Garrison Access . | . . . . . . Terminal Hacks 5 | . 3 . 1 . 1 Part Schematic 1 | . 1 . . . . Robot Analysis 1 | . 1 . . . . Hauler Manifests 1 | . . . 1 . . Registered Components 1 | . 1 . . . . Proto ID Catalog 1 | . . . . . 1 Fabricator Hacks . | . . . . . . Repair Station Hacks 5 | . 5 . . . . Scan Component 3 | . 3 . . . . Repair 2 | . 2 . . . . Recycling Unit Hacks 1 | . . . 1 . . Retrieve Components 1 | . . . 1 . . Scanalyzer 2 | . . . 2 . . Retrieve Study 2 | . . . 2 . . Garrison Access Hacks . | . . . . . . Unauthorized Hacks 3 | . 3 . . . . Terminals 3 | . 3 . . . . Botnet 3 | . 3 . . . . Fabricators . | . . . . . . Repair Stations . | . . . . . . Recycling Units . | . . . . . . Scanalyzers . | . . . . . . Garrison Access . | . . . . . . Data Cores Recovered . | . . . . . . Used . | . . . . . . Hacking Detections 10 | . 7 . 3 . . Full Trace Events . | . . . . . . Feedback Events . | . . . . . . Feedback Blocked . | . . . . . . Robot Schematics Acquired . | . . . . . . Robots Built . | . . . . . . Authchips . | . . . . . . Time . | . . . . . . Total Robot Build Rating . | . . . . . . Part Schematics Acquired 1 | . 1 . . . . Parts Built . | . . . . . . Authchips . | . . . . . . Time . | . . . . . . Total Part Build Rating . | . . . . . . Part Studies Acquired 2 | . . . 2 . . Parts Repaired 2 | . 2 . . . . Time 62 | . 62 . . . . Parts Recycled . | . . . . . . Recycled Matter . | . . . . . . Retrieved Matter . | . . . . . . Retrieved Components . | . . . . . . Parts Scanalyzed . | . . . . . . Part Schematics Acquired . | . . . . . . Parts Damaged . | . . . . . . Bothacking | -11 -10 -10 -9 -9 -9 ------------ Run | Yrd Mat Min Mat Min Exi Used RIF Installer . | . . . . . . Robots Hacked . | . . . . . . Non-combat . | . . . . . . Combat . | . . . . . . Robot Hacks Applied . | . . . . . . Relay Couplers Released . | . . . . . . Fabnet Peak Effective % . | . . . . . . Robots Rewired . | . . . . . . Allies Hacked . | . . . . . . Hacks Repelled . | . . . . . . Allies | -11 -10 -10 -9 -9 -9 -------- Run | Yrd Mat Min Mat Min Exi Total Allies 1 | . . 1 . . . Largest Group 1 | . . 1 1 . . Highest-Rated Group 31 | . . 31 31 . . Highest-Rated Ally 31 | . . 31 31 . . Total Orders . | . . . . . . Ally Attacks 4 | . . . 4 . . Total Damage 43 | . . . 43 . . Kills 2 | . . . 2 . . Allies Corrupted . | . . . . . . Allies Melted . | . . . . . . Intel | -11 -10 -10 -9 -9 -9 ------- Run | Yrd Mat Min Mat Min Exi Active Infowar (turns) 1164 | . 309 204 177 159 315 Terrain 204 | . . . 173 31 . Seismic 1145 | . 309 204 177 140 315 Robot Analysis Total 1 | . 1 . . . . Derelict Logs Recovered 1 | . . 1 . . . Drone Launches . | . . . . . . Drone Recoveries . | . . . . . . Exploration | -11 -10 -10 -9 -9 -9 ------------- Run | Yrd Mat Min Mat Min Exi Turns Passed 2859 | 98 1592 204 177 353 435 Spaces Moved 1416 | 56 509 158 145 275 273 Core 9 | 5 . . . . 4 Treads 521 | 51 470 . . . . Legs 886 | . 39 158 145 275 269 Wheels . | . . . . . . Hover . | . . . . . . Flight . | . . . . . . Fastest Speed 50 | 50 120 120 105 105 100 Average Speed 128 | 150 156 120 106 105 110 Slowest Speed 315 | 160 160 120 120 105 315 Overloaded Moves . | . . . . . . Propulsion Burnouts . | . . . . . . Robots Hopped . | . . . . . . Potential Cave-ins . | . . . . . . Cave-ins Triggered . | . . . . . . Exploration Rate (%) 35 | 5 61 40 26 40 41 Regions Visited 5 Branch Regions 3 Pre-discovered Areas . | . . . . . . Known Exits Taken . | . . . . . . Unknown Exits Taken 5 | 1 1 1 1 1 . Scrap Searched 1 | . . . . 1 . Spaces Dug 3 | . 3 . . . . Terrain Destroyed 67 | . 3 . . . 64 Melee 3 | . 3 . . . . Projectile 3 | . . . . . 3 AOE 61 | . . . . . 61 Terrain Rammed . | . . . . . . Walls Destroyed . | . . . . . . Machines Disabled . | . . . . . . Actions | -11 -10 -10 -9 -9 -9 --------- Run | Yrd Mat Min Mat Min Exi Total 2266 | 66 1196 162 165 302 375 Wait 679 | . 603 . 12 6 58 Move 1411 | 55 508 157 144 274 273 Hop . | . . . . . . Pick Up 15 | 3 5 . 2 1 4 Fast Attach 12 | 4 5 . . 2 1 Attach 9 | . 2 . 4 . 3 Detach 2 | . 1 . . . 1 Swap 4 | . . . 1 . 3 Drop 12 | . 3 . 1 1 7 Fire 16 | . . . . . 16 Melee 79 | . 46 5 1 18 9 Ram . | . . . . . . Kick . | . . . . . . Crush 27 | 4 23 . . . . Escape Stasis . | . . . . . . Rewire . | . . . . . . Trap . | . . . . . . Miscellaneous . | . . . . . . Route ------- -11/Scrapyard -10/Materials (discovered 2 exits: *Mat / [*Min]) -10/Mines -9/Materials -9/Mines -9/Exiles History --------- Turn | Location | Event 3 | -11/Scrapyard | Discovered new exit (range 15) 99 | -11/Scrapyard | Entered Materials 301 | -10/Materials | Build established: Mutant 412 | -10/Materials | Repaired Lgt. Treads 450 | -10/Materials | Repaired Broken Lgt. Treads 608 | -10/Materials | Discovered new exit (range 7) 1323 | -10/Materials | Core integrity fell below 50% 1463 | -10/Materials | Discovered new exit (range 11) 1691 | -10/Materials | Entered Mines 1694 | -10/Mines | Received a Mining Laser from a helpful Derelict 1727 | -10/Mines | Met a Derelict bent on vengeance 1727 | -10/Mines | Found a hidden stash of uninstalled traps 1878 | -10/Mines | Discovered new exit (range 12) 1895 | -10/Mines | Entered Materials 1895 | -9/Materials | Accompanied by 1 ally 1895 | -9/Materials | Evolved 2 slots: Propulsion x1, Utility x1 2045 | -9/Materials | Discovered new exit (range 15) 2072 | -9/Materials | Entered Mines 2149 | -9/Mines | Deemed a non-threat by the Exiles lab entrance 2420 | -9/Mines | Discovered new exit (range 5) 2425 | -9/Mines | Entered Exiles 2456 | -9/Exiles | Met 8R-AWN 2476 | -9/Exiles | Met EX-HEX 2506 | -9/Exiles | Met EX-BIN 2518 | -9/Exiles | Aligned with FarCom system 2519 | -9/Exiles | Given EX-Vault access code 2543 | -9/Exiles | Opened EX-Vault 2550 | -9/Exiles | Found Field Lobotomy Kit 2573 | -9/Exiles | Warned to stay clear of 0b10 Research branches 2695 | -9/Exiles | Found Firepult 2719 | -9/Exiles | Attacked by the Exiles 2773 | -9/Exiles | Destroyed 7 combat bots 2840 | -9/Exiles | Core integrity fell below 50% 2851 | -9/Exiles | Core integrity fell below 20% 2860 | -9/Exiles | Destroyed by Light Fission Core chain reaction Last Messages --------------- 02813_ Penetrated by HV Slug. 02814_ Dropped Rigged Nuclear Core. 02815_ Dropped Rigged Lgt. Fission Core. 02815_ Penetrated by HV Slug. 02815_ Critical hit (Destroy). 02815_ Aluminum Leg+ destroyed. 02815_ Dropped Rigged Nuclear Core. 02817_ Penetrated by HV Slug. 02823_ Dropped Firepult. 02824_ Penetrated by HV Slug. 02824_ Critical hit (Destroy). 02824_ Aluminum Leg+ destroyed. 02828_ Penetrated by HV Slug. 02843_ Imp. Heat Sink destroyed. 02843_ HV Slug penetrates Wall. 02846_ Penetrated by HV Slug. 02852_ Critical hit (Destroy). 02852_ Mining Claw+ destroyed. 02852_ Penetrated by HV Slug. 02860_ Rigged Lgt. Fission Core explodes. Map ----- +----------------------------------------------------+ | | | | | | | | | | | | | | | | | | | | | | | | | | | | | | | | | | | | | | | | | | | ???????????????????????????###???????????????????? | | ????????????????????????####X####????????????????? | | ????????????????????????# [ | #????????????????? | | ????????????????????????# * #????????????????? | | ????????????????????????#@* #????????????????? | | ??????????????????????# ## ##????????????????? | | ???????????????????????# g ] #?????????????????? | | ???????????????????????#" ##????????????????? | | ???????????????????????# " #????????????????? | | ???????????????????????## ;#?###???????????? | | ???????????????????????# #" """"#?????????? | | ???????????????????????# """#?????????? | | ???????????????????????# " X""#?????????? | | ???????????????????????## # """#?????????? | | ???????????????????####? # """"#?????????? | | ???????????????????""""" ?####???????????? | | ??????????????????"""" #???????????????? | | ?????????????????#""X" # #???????????????? | | ?????????????????#" #???????????????? | | ?????????????????#" # ???????????????? | | ?????????????????#""""" ?#########???????? | | ??????????????????#"#### ?#"""""""#???????? | | ???????????????????????? "?#"""""""#???????? | | ?????????????????????????# %#?#"""""""#???????? | | ????????????????????????## ###"" """"#???????? | | ????????????????????????#" """"#???????? | | ????????????????????????#" """#???????? | | ????????????????????????#" """#???????? | | ????????????????????????#" """#???????? | +----------------------------------------------------+ Best States ------------- Heat Dissipation 42 Coolant Potential 50 Energy Generation 12 Energy Capacity 265 Matter Stores 300 Matter Capacity 300 Sight Range 16 Terrain Scan Range 16 Terrain Scan Density 10 Evasion (%) 55 Recoil Reduction 2 Item Schematics ----------------- Hcp. Storage Unit | -10/Materials | Hacked Robot Schematics ------------------ None Fabricated ------------ Nothing Repaired ---------- Lgt. Treads | 10% | -10/Materials Lgt. Treads | 35% | -10/Materials | Broken Studied --------- Mining Claw | -9/Materials | Hacked Aluminum Leg | -9/Materials | Hacked Alien Tech Used ----------------- None Achievements -------------- None Challenges ------------ None Game ------ Seed TerrainCloakingMembrane Manual? 0 Play Time 00:19:16 Cumulative 594.0 hours Start 2026.02.21 @ 15:39:52 End 2026.02.21 @ 15:56:47 Sessions 1 Manual Loads 0 Difficulty Rogue Special Mode None Game No. 340 Rogue 340 Adventurer 0 Explorer 0 Win Type - Total 21 Types 12/0/6/0/0/0/1/2/0/0 Lore% 89 Gallery% 82 Achievement% 71 Wizard Run 0 Options --------- Layout 0 ASCII 0 Keyboard 0 Movement Numpad Keybinds 0 Fullscreen 2 Font 24/Smallcaps Map View 76x50 Zoom Use 0% Tactical HUD 1 Map Filters NONE Filters NONE Steam 1 RUN: d7ef919a-4e26-4aae-a51f-6828693b9492